 Dungeon Crawl Stone Soup version 0.31-a0-1388-g4b2ba238e7 (webtiles) character file.

Game seed: 14408444522688068528

44 TheScarfBastard the Trooper (level 3, -3/49 HPs)
             Began as a Draconian Berserker on Dec 25, 2023.
             Was a Follower of Trog.
             Slain by a gnoll
             ... wielding a +0 spear
              (5 damage)
             ... on level 1 of the Dungeon.
             The game lasted 00:01:15 (76 turns).

TheScarfBastard the Trooper (Draconian Berserker)     Turns: 76, Time: 00:01:16

Health: -3/49      AC:  5    Str: 21    XL:     3   Next: 41%
Magic:  3/3        EV: 12    Int:  7    God:    Trog [*.....]
Gold:   0          SH:  0    Dex: 10    Spells: 2/2 levels left

rFire   . . .        a - +0 hand axe
rCold   . . .        (no shield)
rNeg    . . .        (body armour unavailable)
rPois   .            (helmet restricted)
rElec   .            (no cloak)
rCorr   .            (no gloves)
SInv    .            (no boots)
Will    .....        (no amulet) Stlth
                     (no ring)
HPRegen 0.28/turn    (no ring)
MPRegen 0.08/turn

%: no passive effects
@: berserking (expiring), very quick
A: AC +5, unfitting armour, cold-blooded
a: Renounce Religion, Berserk


You were on level 1 of the Dungeon.
You worshipped Trog.
Trog was aware of your devotion.
You visited 1 branch of the dungeon, and saw 1 of its levels.

Inventory:

Hand Weapons
 a - a +0 hand axe (weapon)
Scrolls
 c - a scroll of revelation {unknown}
Potions
 b - a potion of mutation {unknown}


   Skills:
 + Level 3.8 Fighting
 + Level 3.5 Axes
 + Level 3.2 Dodging


You had 2 spell levels left.
You didn't know any spells.
Your spell library was empty.

Dungeon Overview and Level Annotations

Branches:
Dungeon (1/15)

Altars:


Innate Abilities, Weirdness & Mutations

Your plain brown scales are hard. (AC +5)
You cannot fit into any form of body armour.
You are cold-blooded and may be slowed by cold attacks.


Message History

The gnoll hits you with a +0 club.
You hit the gnoll.
The gnoll is severely wounded.
You hit the gnoll. You slash the gnoll! The gnoll barely misses you. x2
The gnoll closely misses you.
You slash the gnoll!
You kill the gnoll!
Trog accepts your kill.
You closely miss the gnoll. x2; You barely miss the gnoll.
The gnoll hits you with a +0 club! The gnoll closely misses you.
The gnoll hits you from afar with a +0 spear.
You have reached level 3!
Your experience leads to an increase in your attributes!
Increase (S)trength, (I)ntelligence, or (D)exterity?
You feel stronger. x2; Your scales feel tougher.
You barely miss the gnoll.
The gnoll is severely wounded.
You hit the gnoll. You slash the gnoll!
You kill the gnoll!
Trog accepts your kill.
You barely miss the gnoll. You tail-slap the gnoll.
The gnoll is moderately wounded.
You barely miss the gnoll. You barely miss the quokka. The gnoll misses you.
The gnoll closely misses you.
The gnoll hits you from afar with a +0 spear.
The quokka bites you.
You barely miss the quokka.
Your tail-slap misses the quokka.
You barely miss the gnoll. x3; The gnoll closely misses you. x3
The gnoll hits you with a +0 flail.
The gnoll hits you from afar with a +0 spear!
* * * LOW HITPOINT WARNING * * *
You barely miss the gnoll.
The gnoll is severely wounded.
You hit the gnoll. You closely miss the gnoll. You barely miss the quokka.
The quokka bites you.
* * * LOW HITPOINT WARNING * * *
The gnoll hits you but does no damage. The gnoll hits you with a +0 club.
* * * LOW HITPOINT WARNING * * *
The gnoll hits you from afar with a +0 spear.
You die...

♣♣♣♣♣♣♣♣♣♣♣♣♣#####
♣......♣.........
...♣....♣...♣..# ####
....♣♣♣...♣♣..# ...#
.....♣...♣...#####....#
...♣.........8.#$#g⌠..#
.♣..♣..♣♣.†.....gggg..#
.♣♣.............@rgb..#
.....♣♣..†...8.#g#Bg..#
♣......♣.....##### ...#
.♣..♣♣^..♣....# ..#
..♣...♣...♣....# ##
♣.♣♣.......♣......
...♣...♣...♣........
..♣....♣.(..♣.......
♣...♣[...... .......


You could see 7 gnolls, a quokka, a giant cockroach, a hobgoblin and a bat.

Vanquished Creatures
  4 gnolls (D:1)
  3 bats (D:1)
  A giant cockroach (D:1)
  A ball python (D:1)
9 creatures vanquished.

Notes
Turn   | Place    | Note
-------+----------+-------------------------------------------
     0 | D:1      | TheScarfBastard the Draconian Berserker began the quest for
                  | the Orb.
     0 | D:1      | Reached XP level 1. HP: 19/19 MP: 1/1
    36 | D:1      | Found a large runed translucent door.
    36 | D:1      | Found a large runed translucent door.
    68 | D:1      | Reached XP level 2. HP: 26/26 MP: 2/2
    73 | D:1      | Reached XP level 3. HP: 26/33 MP: 3/3
    76 | D:1      | HP: 2/49 [gnoll/+0 club (4)]
    76 | D:1      | Slain by a gnoll

Illustrated notes

Levels and vault maps discovered:
D:1:      erik_arrival_cave_to_civilisation [erik_arrival_cave_to_temple],
          layout_basic, serial_shops, nicolae_shop_advertising_works
          [nicolae_subvault_shop_adworks], basic_ecumenical_altar,
          serial_bayou_pond_a, minmay_misc_feat_cross

Skill      XL: |  1 |
---------------+----+-----
Dodging        | 3 |  3.2
Fighting       | |  3.8
Axes           | |  3.5

Action                     || total
---------------------------++-------
  Melee: Hand axe          ||    16
         Tailslap          ||     4
 Invoke: Berserk           ||     1
 Armour: Skin              ||    27
  Dodge: Dodged            ||    27

Table legend: (Time is in decaauts)
 A = Elapsed time spent in this place.
 B = Non-inter-level travel time spent in this place.
 C = Inter-level travel time spent in this place.
 D = Time resting spent in this place.
 E = Time spent auto-exploring this place.
 F = Levels seen in this place.
 G = Mean time per level.
                   A        B        C        D        E       F      G
               +--------+--------+--------+--------+--------+-----+--------+
         Total |     74 |     74 |      0 |      0 |     12 |   1 |   74.0 |
       Dungeon |     74 |     74 |      0 |      0 |     12 |   1 |   74.0 |
               +--------+--------+--------+--------+--------+-----+--------+

Top non-repeatable levels by time:
     D:1: 74 daAuts
